 Dungeon Crawl Stone Soup version 0.28.0 (webtiles) character file.

Game seed: 3626777303651370720

7 zeram the Sneak (level 2, -1/17 HPs)
             Began as an Octopode Enchanter on Feb 14, 2022.
             Slain by a quokka (4 damage)
             ... on level 1 of the Dungeon.
             The game lasted 00:00:21 (448 turns).

zeram the Sneak (Octopode Enchanter)                 Turns: 448, Time: 00:00:22

Health: -1/17      AC:  1    Str:  7    XL:     2   Next: 0%
Magic:  5/5        EV: 13    Int: 17    God:
Gold:   58         SH:  0    Dex: 12    Spells: 5/5 levels left

rFire   . . .      SeeInvis .   a - +1 dagger
rCold   . . .      Faith    .   (no shield)
rNeg    . . .      Spirit   .   (helmet restricted)
rPois   .          Reflect  .   (no amulet)
rElec   .          Harm     .   (no ring)
rCorr   .          Rampage  .   (no ring)
Will    .....                   (no ring)
Stlth   +++.......              (no ring)
HPRegen 0.05/turn               (no ring)
MPRegen 0.09/turn               (no ring)
                                (no ring)
                                (no ring)

@: no status effects
A: almost no armour, amphibious, 8 rings, camouflage 1, gelatinous body 1,
(nimble swimmer 1), tentacles
a: no special abilities


You were on level 1 of the Dungeon.
You visited 1 branch of the dungeon, and saw 1 of its levels.

You collected 58 gold pieces.

Inventory:

Hand Weapons
 a - a +1 dagger (weapon)
Scrolls
 c - a scroll of magic mapping {unknown}
 d - a scroll of enchant armour {unknown}
Potions
 b - a potion of invisibility


   Skills:
 + Level 1.0 Short Blades
 + Level 2.0 Dodging
 + Level 4.1 Stealth
 + Level 2.1 Spellcasting
 + Level 3.2 Hexes


You had 5 spell levels left.
You didn't know any spells.
Your spell library contained the following spells:

 Spells                   Type           Power      Damage    Failure   Level
 Ensorcelled Hibernation  Hex/Ice        14%        N/A       14%         2
 Confusing Touch          Hex            12%        N/A       16%         3
 Tukima's Dance           Hex            12%        N/A       16%         3
 Dazzling Flash           Conj/Hex       14%        N/A       28%         3


Dungeon Overview and Level Annotations

Branches:
Dungeon (1/15)

Altars:


Innate Abilities, Weirdness & Mutations

You cannot wear most types of armour.
You are amphibious.
You can wear up to eight rings at the same time.
Your skin changes colour to match your surroundings (Stealth+).
Your rubbery body absorbs attacks. (AC +1, EV +1)
((You are camouflaged when in or above water. (Stealth+)))
You have tentacles for arms and can constrict up to eight enemies at once.


Message History

A ball python comes into view.
A ball python is nearby!
A ball python is nearby!
A ball python is nearby!
A ball python is nearby!
The ball python hisses angrily.
The ball python barely misses you. The ball python misses you. x2
The ball python grabs you. The ball python constricts you.
You hit the ball python.
You kill the ball python!
No target in view!
A kobold comes into view. It is wielding a +0 club.
A kobold is nearby!
A kobold is nearby!
A kobold is nearby!
A hobgoblin comes into view.
Found a yellow potion.
The hobgoblin shouts!
The kobold shouts!
A quokka comes into view.
You barely miss the kobold. Your grab misses the kobold.
The kobold hits you with a +0 club.
You closely miss the kobold. You grab the kobold. You constrict the kobold.
The kobold hits you with a +0 club.
You are too injured to fight recklessly!
You are too injured to fight recklessly!
Unknown command.
You barely miss the hobgoblin. You grab the hobgoblin.
You squeeze the hobgoblin.
You kill the hobgoblin!
You constrict the kobold. The kobold hits you with a +0 club.
* * * LOW HITPOINT WARNING * * *
You have reached level 2!
You hit the kobold but do no damage.
The kobold is heavily wounded.
You constrict the kobold, but do no damage.
The kobold closely misses you.
You hit the kobold but do no damage.
The kobold is heavily wounded.
You constrict the kobold. The kobold misses you. The quokka bites you.
You die...

.........
####.########........#
#..............>.....#
#....................#
#.................####
#................. #
#............ ### #
#....K....... .
#....@r......
#............
######............
####
#.............!...
.....
#......##.########
##### #..........#
#..........###########
#..........##........#
##
#..........##........#
#.


You could see a quokka and a kobold.

Vanquished Creatures
  2 hobgoblins (D:1)
  2 ball pythons (D:1)
  A bat (D:1)
  3 rats (D:1)
8 creatures vanquished.

Notes
Turn   | Place    | Note
-------+----------+-------------------------------------------
     0 | D:1      | zeram the Octopode Enchanter began the quest for the Orb.
     0 | D:1      | Reached XP level 1. HP: 11/11 MP: 3/3
   447 | D:1      | Reached XP level 2. HP: 3/17 MP: 5/5
   448 | D:1      | Slain by a quokka

Illustrated notes

Levels and vault maps discovered:
D:1:      dpeg_arrival_short_road, layout_basic

Action                   || total
-------------------------++-------
Melee: Dagger            ||    14
       Constrict         ||     3
       Tentacles         ||     3
 Stab: Sleeping          ||     3
Dodge: Dodged            ||     6
